 Dungeon Crawl Stone Soup version 0.24-a0-520-g8fd06ad0bc (console) character file.

Game seed: 5270862690024267258

443 nht the Slicer (level 6, 0/35 HPs)
             Began as a Vampire Assassin on July 24, 2019.
             Was a Believer of Makhleb.
             Slain by a gnoll
             ... wielding a +0 halberd
              (9 damage)
             ... on level 4 of the Dungeon.
             The game lasted 00:07:55 (2768 turns).

nht the Slicer (Vampire Assassin)                   Turns: 2768, Time: 00:07:56

Health: 0/35       AC:  5    Str: 10    XL:     6   Next: 71%
Magic:  15/15      EV: 12    Int: 17    God:    Makhleb [**....]
Gold:   137        SH:  0    Dex: 18    Spells: 5/5 levels left

rFire    . . .     SeeInvis +   a - +3 dagger
rCold    + + .     Gourm    .   (no shield)
rNeg     + + +     Faith    .   b - +0 robe
rPois    ∞         Spirit   .   (no helmet)
rElec    .         Reflect  .   q - +1 cloak
rCorr    .         Harm     .   s - +0 pair of gloves of Ifunor {MP+9 Int+4} (curse)
MR       .....                  (no boots)
Stlth    +++++.....             (no amulet)
HPRegen  0.00/turn              (no ring)
MPRegen  0.14/turn              (no ring)

@: very slightly contaminated, bloodless, regenerating quickly
A: no food, fangs 3, see invisible, unbreathing
a: Bat Form, Revivify, Minor Destruction, Renounce Religion


You were on level 4 of the Dungeon.
You worshipped Makhleb.
Makhleb was pleased with you.
You were bloodless.

You visited 1 branch of the dungeon, and saw 4 of its levels.
You also visited: Sewer.

You collected 137 gold pieces.

Inventory:

Hand Weapons
 a - a +3 dagger (weapon)
Missiles
 d - 28 poisoned darts (quivered)
 n - 3 boomerangs
 p - 3 javelins
Armour
 b - a +0 robe (worn)
 q - a +1 cloak (worn)
 s - the cursed +0 pair of gloves of Ifunor (worn) {MP+9 Int+4}
   (You found it in a sewer)

   It affects your intelligence (+4).
   It affects your magic capacity (+9).
   It has a curse placed upon it.
Wands
 m - a wand of digging (4)
Scrolls
 h - a scroll of magic mapping
Potions
 c - 3 potions of lignification
 f - 6 potions of heal wounds
 g - 4 potions of curing
 i - a potion of flight
 j - 2 potions of agility
 k - 3 potions of haste {unknown}
 l - a potion of magic {unknown}
 r - 3 potions of brilliance {unknown}


   Skills:
 - Level 1.7 Fighting
 + Level 8.0 Short Blades
 - Level 1.5 Throwing
 - Level 1.1 Dodging
 - Level 5.8 Stealth


You had 5 spell levels left.
You didn't know any spells.
Your spell library was empty.

Dungeon Overview and Level Annotations

Branches:
Dungeon (4/15)
 Temple: D:4-7

Altars:
Hepliaklqana
Makhleb
Ru
Trog
Vehumet
Yredelemnul


Innate Abilities, Weirdness & Mutations

You do not eat.
You do not regenerate when monsters are visible.
You are frail without blood (-20% HP).
You are immune to poison.
You have razor-sharp teeth.
You have supernaturally acute eyesight. (SInv)
You can survive without breathing.


Message History

You see here a gnoll corpse.
You see here a curare-tipped dart.
e - a curare-tipped dart Throwing (i - inventory. (/) - cycle)
e - a curare-tipped dart (quivered)
Press: ? - help, Shift-Dir - straight line, f/p - gnoll
Aim: a gnoll, wielding a +0 halberd You throw a curare-tipped dart.
The curare-tipped dart barely misses the gnoll.
You see here a +0 spear.
Things that are here:
a curare-tipped dart; a +0 spear; a gnoll corpse
e - a curare-tipped dart The gnoll misses you.
Throwing (i - inventory. (/) - cycle)
e - a curare-tipped dart (quivered)
Press: ? - help, Shift-Dir - straight line, f/p - gnoll
Aim: a gnoll, wielding a +0 halberd You throw a curare-tipped dart.
The curare-tipped dart closely misses the gnoll.
The gnoll hits you from afar with a +0 halberd!
You die...

█..........█**,*.█*,,,,,
███.███.██.█*,,..█*,***,
█.█ █.██.█,,h..█*,* *,
█†█ █.██.██....█*,***,
█.█ █...........,,,,,,
█(█ ████.███...,,,**,*
█.█ █.█ *,**,****,*
█.██████.█ *,**,* *,*
█..g.@...█ *,**,****,*


██████████ *,**,,,,,,* *,********* ████████ ███******* *,* ...█...██ █..,,,,,,*
*,* ........███.█*****,* *,* ........_██.█*****.****,*****
.†......██...,,,...,,,,,,,,,* ...█...██*█.███..█,**,,,,,*,* * You could see a
gnoll.

Vanquished Creatures
  A big kobold (Sewer)
  A crimson imp (D:2)
  A hound (D:2)
  Crazy Yiuf (D:2)
  Jessica (D:3)
  A worker ant (D:4)
  A hound skeleton (D:2)
  3 gnolls (D:4)
  5 adders
  A shadow imp (D:3)
  A worm (D:2)
  5 dart slugs
  4 leopard geckos
  7 orcs
  4 ball pythons
  2 giant cockroaches
  10 goblins
  8 hobgoblins
  9 jackals
  A quokka (D:3)
  9 bats
  8 frilled lizards
  2 gnoll zombies (D:3)
  23 kobolds
  13 rats
122 creatures vanquished.

Notes
Turn   | Place    | Note
-------+----------+-------------------------------------------
     0 | D:1      | nht the Vampire Assassin began the quest for the Orb.
     0 | D:1      | Reached XP level 1. HP: 16/16 MP: 1/1
    70 | D:1      | Reached skill level 3 in Short Blades
    86 | D:1      | Reached XP level 2. HP: 12/22 MP: 2/2
   411 | D:1      | Reached XP level 3. HP: 23/27 MP: 3/3
   426 | D:1      | Reached skill level 4 in Short Blades
   773 | D:2      | Found a burning altar of Makhleb.
   777 | D:2      | Reached XP level 4. HP: 33/33 MP: 4/4
   779 | D:2      | Became a worshipper of Makhleb the Destroyer
   919 | D:2      | Found a bloodstained altar of Trog.
   948 | D:2      | Reached skill level 5 in Short Blades
  1110 | D:2      | Reached XP level 5. HP: 34/38 MP: 5/5
  1259 | D:2      | Reached skill level 6 in Short Blades
  1376 | D:2      | Found a runed translucent door.
  1377 | D:2      | Noticed Crazy Yiuf
  1384 | D:2      | Killed Crazy Yiuf
  1479 | D:3      | Reached * piety under Makhleb
  1822 | D:3      | Found a basalt altar of Yredelemnul.
  1867 | D:3      | Found a sacrificial altar of Ru.
  1902 | D:3      | Found a hazy altar of Hepliaklqana.
  1903 | D:3      | Noticed Jessica
  1904 | D:3      | Killed Jessica
  1904 | D:3      | Reached skill level 7 in Short Blades
  1904 | D:3      | Reached XP level 6. HP: 25/35 MP: 6/6
  2187 | D:4      | Found a glowing drain.
  2191 | Sewer    | Entered a sewer
  2218 | Sewer    | Reached ** piety under Makhleb
  2506 | Sewer    | Got a pair of smoking gloves
  2512 | Sewer    | Identified the cursed +0 pair of gloves of Ifunor {MP+9
                  | Int+4} (You found it in a sewer)
  2581 | D:4      | Found a radiant altar of Vehumet.
  2739 | D:4      | Reached skill level 8 in Short Blades
  2768 | D:4      | Slain by a gnoll

Levels and vault maps discovered:
D:1:      nzn_arrival_settlement, layout_basic, dk_noncrumbling_3, hex_large
D:2:      minmay_diamond_boxcup, layout_basic, lemuel_crystal_altar,
          makhleb_heckhound_becter, uniq_crazy_yiuf_cottage
D:3:      layout_basic, lemuel_zombie_altar_yredelemnul,
          nicolae_ru_the_path_less_chosen, old_standard_altar, first_ration,
          minivault_26, kennysheep_cross_bottleneck, minmay_circle_x,
          uniq_jessica
D:4:      layout_loops_corners, marbit_many_paths, gup_sewer_entry_bowl

Skill      XL: |  1  2  3  4  5  6 |
---------------+-------------------+-----
Short Blades   | 3 4 5 7 8 |  8.0
Fighting       | |  1.7
Throwing       | |  1.5
Dodging        | |  1.1
Stealth        | |  5.8

Action                   |  1- 3 |  4- 6 || total
-------------------------+-------+-------++-------
Melee: Dagger            |   106 |   238 ||   344
       Bite              |    10 |    18 ||    28
Throw: Dart              |       |     5 ||     5
Invok: Minor Destruction |       |     4 ||     4
 Abil: Exsanguinate      |       |     1 ||     1
  Use: Scroll            |     3 |    10 ||    13
 Stab: Sleeping          |     9 |    26 ||    35
       Distracted        |       |     1 ||     1
Armor: Robe              |    17 |    48 ||    65
Dodge: Dodged            |    60 |   101 ||   161

Table legend:
 A = Non-vault XP
 B = Vault XP
 C = Vault XP percentage of total XP
 D = Non-vault monster count
 E = Vault monster count
 F = Vault count percentage of total count
                 A         B        C        D         E       F
            +---------+---------+-------+---------+---------+-------
      Total |     344 |     289 |  45.7 |      78 |      44 |  36.1
            +---------+---------+-------+---------+---------+-------
        D:1 |      56 |       0 |   0.0 |      31 |       0 |   0.0
        D:2 |     102 |     110 |  51.9 |      16 |      11 |  40.7
        D:3 |      78 |      42 |  35.0 |      22 |       5 |  18.5
        D:4 |     108 |       7 |   6.1 |       9 |       4 |  30.8
      Sewer |       0 |     130 | 100.0 |       0 |      24 | 100.0
            +---------+---------+-------+---------+---------+-------
